Map: Heavy Artillery LE

Players

qqq - Winner!

  • Race: Zerg Zerg
  • Spawn Location: 3:00

Massa - Winner!

  • Race: Terran Terran
  • League: Platinum
  • Spawn Location: 1:00

PrCelestia

  • Race: Zerg Zerg
  • League: Platinum
  • Spawn Location: 7:00

WindTS

  • Race: Terran Terran
  • Spawn Location: 7:00

VOD

Have the link to the VOD?

Description

Time

  • Played on: March 6, 2021, 8:44 a.m.
  • Length: 16:28
Show
View Real Time Build Order
Export as new Build Order

qqq Zerg - Winner!

Build Orders: Hatch First, Muta Ling Bane 

Get SALT Encoding   

  12  0:00  Drone  
  13  0:10  Drone  
  14  0:18  Overlord  
  14  0:49  Hatchery  
  13  1:00  Drone x3  
  16  1:26  Extractor  
  16  1:27  Drone x2, Spawning Pool  
  16  1:33  Drone  
  17  1:43  Extractor  
  16  1:49  Drone  
  17  1:55  Drone  
  17  2:01  Drone  
  19  2:07  Drone  
  20  2:14  Queen  
  22  2:18  Queen  
  25  2:22  Drone  
  25  2:23  Drone x2  
  27  2:32  Drone  
  27  2:34  Metabolic Boost  
  28  2:39  Overlord  
  28  2:51  Baneling Nest  
  28  2:53  Drone, Overlord  
  28  3:07  Zergling x2  
  28  3:08  Zergling x6  
  32  3:19  Zergling x2  
  34  3:20  Zergling x2  
  34  3:24  Drone  
  35  3:36  Zergling x2  
  36  3:48  Lair  
  36  3:50  Overlord x3  
  36  3:52  Baneling x3  
  36  4:12  Extractor, Drone x4  
  36  4:13  Zergling x8  
  36  4:14  Hatchery, Zergling x2  
  43  4:18  Zergling x2  
  43  4:23  Zergling x2  
  40  4:35  Zergling x2  
  40  4:36  Zergling x8  
  40  4:38  Baneling x4  
  43  4:46  Zergling x8  
  43  5:22  Baneling x4  
  43  5:23  Zergling x12  
  43  5:24  Drone x2, Zergling x6  
  50  5:47  Zergling x12  
  48  6:06  Zergling x8  
  51  6:14  Queen  
  51  6:15  Drone, Zergling x2  
  51  6:16  Zergling x2  
  50  6:26  Baneling x2  
  50  6:27  Baneling x7  
  50  6:28  Baneling x4  
  50  6:29  Zergling x10  
  50  6:32  Centrifical Hooks  
  55  6:34  Zergling x2  
  55  6:37  Evolution Chamber  
  53  6:54  Zergling x8  
  53  6:55  Zergling x10  
  62  7:04  Zergling x6  
  63  7:12  Zergling x6  
  63  7:13  Zergling x4  
  58  7:33  Zergling x6  
  58  7:34  Zergling x6  
  58  7:36  Spore Crawler  
  59  7:42  Zergling x4  
  59  7:43  Spire  
  57  7:45  Drone  
  58  7:54  Drone x2, Zergling x4  
  54  8:10  Drone x5  
  54  8:11  Drone x2  
  53  8:16  Extractor  
  53  8:19  Extractor  
  51  8:23  Spore Crawler, Infestation Pit  
  51  8:27  Spore Crawler  
  48  8:37  Drone x4  
  48  8:38  Drone  
  48  8:40  Drone  
  54  8:49  Drone x2  
  54  8:50  Spore Crawler  
  55  8:57  Drone x3  
  52  9:14  Drone  
  51  9:18  Drone x6  
  51  9:19  Drone x3  
  51  9:22  Mutalisk  
  60  9:25  Mutalisk  
  60  9:28  Mutalisk  
  64  9:32  Mutalisk  
  66  9:52  Overlord x4  
  66  9:55  Hive  
  66  9:56  Zerg Flyer Weapons Level 1  
  66  10:05  Extractor  
  66  10:06  Extractor  
  65  10:07  Drone x2  
  65  10:08  Overlord x2  
  65  10:13  Mutalisk x4  
  74  10:23  Drone  
  74  10:24  Drone  
  74  10:26  Mutalisk  
  78  10:28  Mutalisk  
  78  10:31  Mutalisk  
  78  10:34  Mutalisk  
  84  10:37  Mutalisk  
  84  10:39  Mutalisk  
  84  10:42  Hatchery, Mutalisk  
  89  10:54  Mutalisk  
  89  10:55  Drone x2  
  89  10:56  Drone x5  
  98  10:57  Drone  
  99  11:19  Mutalisk  
  99  11:20  Mutalisk x3  
  99  11:21  Drone x3  
  99  11:22  Drone x2, Mutalisk  
  110  11:48  Viper  
  110  11:49  Overlord  
  110  11:50  Overlord x6  
  113  11:55  Drone  
  113  11:56  Drone x2  
  116  12:03  Mutalisk x2  
  116  12:05  Overlord x2  
  120  12:18  Corruptor x5  
  122  12:30  Viper  
  122  12:33  Drone x3  
  122  12:34  Drone x2  
  122  12:35  Spore Crawler  
  129  12:37  Spine Crawler, Spore Crawler x2  
  129  12:38  Spine Crawler  
  129  12:39  Drone x4, Extractor, Queen  
  129  12:40  Extractor  
  129  12:52  Mutalisk x3  
  129  12:53  Corruptor  
  131  13:12  Mutalisk x2  
  117  13:13  Mutalisk  
  123  13:21  Greater Spire  
  123  13:37  Spore Crawler  
  122  13:41  Spore Crawler  
  122  13:42  Mutalisk x4  
  129  13:58  Hatchery  
  128  14:06  Hatchery  
  127  14:12  Hatchery  
  120  14:33  Mutalisk  
  120  14:34  Mutalisk x3  
  120  14:35  Corruptor x4  
  120  14:36  Drone x4  
  140  14:49  Drone  
  140  14:50  Drone x3  
  144  15:00  Spire  
  144  15:01  Brood Lord x2  
  144  15:02  Brood Lord  
  149  15:21  Viper  
  149  15:22  Corruptor, Viper  
  149  15:24  Zergling x2  
  149  15:25  Zergling x14  
  149  15:26  Zergling x8  
  169  15:28  Brood Lord  
  165  15:49  Overseer  
  165  15:50  Overseer x3  
  165  16:07  Zergling x8  
  165  16:08  Zergling x2  
  178  16:25  Spore Crawler  
  177  16:27  Spine Crawler, Spore Crawler  
  177  16:28  Spore Crawler  
Show
View Real Time Build Order
Export as new Build Order

Massa Terran - Winner!

Build Orders: Reaper Expand 

Get SALT Encoding   

  12  0:00  SCV  
  13  0:12  SCV  
  14  0:23  Supply Depot  
  14  0:24  SCV  
  15  0:45  Refinery, SCV  
  15  0:46  Barracks  
  16  0:57  SCV  
  17  1:09  SCV  
  18  1:21  SCV  
  19  1:34  Orbital Command  
  19  1:38  Reaper  
  20  1:45  Command Center  
  20  2:00  SCV  
  21  2:04  Supply Depot  
  21  2:12  SCV  
  21  2:15  Barracks Reactor  
  22  2:24  SCV  
  23  2:32  Factory  
  23  2:43  Supply Depot  
  23  2:45  SCV  
  23  2:49  Engineering Bay  
  24  2:52  Marine x2  
  24  2:57  SCV  
  27  3:05  Orbital Command  
  27  3:09  Marine x2  
  27  3:10  SCV  
  30  3:16  Starport  
  30  3:22  SCV  
  31  3:30  Marine x2  
  31  3:31  Hellion  
  35  3:35  SCV x2  
  35  3:39  Refinery  
  36  3:41  Missile Turret  
  36  3:42  Missile Turret  
  36  3:47  SCV x2, Marine  
  36  3:48  Marine  
  38  4:12  Barracks Tech Lab  
  38  4:13  Starport Tech Lab  
  38  4:15  SCV x2  
  40  4:17  Terran Infantry Weapons Level 1  
  40  4:20  Hellion x2  
  44  4:27  SCV x2  
  40  4:39  SCV  
  40  4:41  Hellion  
  40  4:42  Hellion  
  40  4:45  Marine  
  44  4:46  Stimpack  
  44  5:03  Hellion x2  
  44  5:07  Banshee  
  51  5:20  Marine  
  52  5:24  Hellion  
  52  5:26  Hellion  
  54  5:51  Marine  
  53  5:59  Hellion  
  53  6:08  Hellion, Cloaking Field  
  53  6:10  SCV  
  54  6:16  Supply Depot  
  54  6:17  Supply Depot  
  54  6:18  Refinery, Supply Depot  
  54  6:21  Supply Depot  
  54  6:24  Barracks  
  54  6:25  Command Center  
  54  6:26  Barracks  
  54  6:27  Barracks  
  54  6:29  Armory  
  54  6:31  Refinery  
  54  6:37  Banshee, SCV  
  54  6:38  Hellion x2, Supply Depot  
  62  6:59  Hellion  
  64  7:02  Supply Depot  
  61  7:20  Banshee  
  58  7:40  SCV x2  
  54  7:52  SCV x2  
  54  7:54  Missile Turret  
  54  7:57  Missile Turret  
  54  7:58  Terran Infantry Armor Level 1  
  56  7:59  Missile Turret  
  56  8:00  Barracks Reactor, Barracks Tech Lab x2, Missile Turret  
  56  8:01  Marine  
  56  8:04  SCV x2  
  59  8:19  Marine  
  57  8:34  Marine x2  
  57  8:37  Marine  
  57  8:42  Medivac  
  57  8:43  Combat Shield  
  57  8:44  Concussive Shells  
  57  8:45  Marine x2  
  61  8:52  Marine x2  
  61  8:55  Marine  
  64  9:03  Orbital Command, Marine x2  
  64  9:04  SCV x2  
  64  9:09  Marine x2  
  62  9:11  Missile Turret  
  62  9:12  Medivac  
  62  9:14  Marauder  
  62  9:16  SCV  
  62  9:17  SCV  
  70  9:18  Widow Mine x2  
  70  9:21  Marine x2  
  70  9:23  Terran Vehicle And Ship Armor Level 1  
  76  9:26  Engineering Bay  
  76  9:27  Marine  
  76  9:28  Marauder  
  79  9:31  SCV, Missile Turret  
  79  9:32  SCV x2  
  79  9:35  Refinery  
  81  9:39  Widow Mine x2  
  81  9:44  SCV x2  
  83  9:57  SCV x3, Missile Turret  
  86  10:04  Widow Mine x2  
  86  10:05  Marine x5  
  95  10:08  Terran Infantry Armor Level 2  
  95  10:09  SCV x3  
  98  10:19  Factory  
  98  10:23  Marine  
  98  10:24  Marauder x2, Missile Turret  
  103  10:29  Widow Mine x2  
  103  10:32  Marauder, Marine  
  103  10:33  Terran Infantry Weapons Level 2  
  110  10:39  Medivac  
  110  10:40  Marine  
  113  10:44  Marine  
  113  10:45  Marauder  
  116  10:50  Marine  
  117  11:01  Supply Depot  
  117  11:05  Widow Mine x2, SCV x3  
  117  11:09  Medivac  
  116  11:17  SCV  
  117  11:23  SCV  
  113  11:45  Command Center  
  113  11:46  Marine  
  113  11:47  Marauder x2, Marine x2  
  120  12:04  Marine x2  
  120  12:05  Marauder  
  124  12:26  Command Center  
  124  12:29  Marine  
  125  12:31  Factory Tech Lab  
  125  12:38  Terran Infantry Armor Level 3  
  125  12:40  Supply Depot x2  
  125  12:41  Supply Depot  
  125  12:46  Command Center  
  125  12:56  Marine x2, Medivac  
  125  12:57  Widow Mine x2, Marauder x3  
  138  13:04  Supply Depot  
  137  13:09  Terran Infantry Weapons Level 3  
  137  13:10  Terran Vehicle And Ship Armor Level 2  
  137  13:13  Planetary Fortress  
  137  13:18  Widow Mine x2  
  141  13:26  Medivac  
  143  13:29  Supply Depot  
  118  13:56  Medivac  
  118  13:57  Marauder x2, Marine x2  
  118  13:58  Marauder  
  127  14:15  Marine x2  
  107  14:18  SCV x5, Marauder  
  107  14:21  Planetary Fortress  
  114  14:26  Medivac, Siege Tank  
  114  14:30  SCV x3  
  119  14:36  Planetary Fortress  
  117  14:38  Missile Turret  
  117  14:42  SCV  
  118  14:53  Marauder, Marine x4  
  118  14:58  Siege Tank  
  120  15:11  Marine x3  
  120  15:13  Widow Mine x2  
  119  15:14  Marauder x2  
  123  15:21  Barracks  
  123  15:22  Barracks  
  123  15:26  Refinery, Barracks x3  
  123  15:28  Marine  
  123  15:29  Barracks, Marine  
  123  15:31  Siege Tank  
  123  15:34  Widow Mine  
  122  15:47  Widow Mine  
  122  15:48  Marauder x2, Marine x3  
  127  15:56  Widow Mine  
  131  16:06  Marine x3  
  134  16:15  SCV  
  134  16:16  SCV x2  
Show
View Real Time Build Order
Export as new Build Order

PrCelestia Zerg 

Build Orders: Hatch First 

Get SALT Encoding   

  12  0:03  Drone  
  13  0:12  Overlord  
  13  0:20  Drone  
  14  0:30  Extractor, Drone  
  14  0:31  Drone  
  16  0:41  Drone  
  17  1:02  Drone x2  
  19  1:06  Hatchery  
  18  1:20  Extractor  
  17  1:25  Drone  
  17  1:26  Drone, Spawning Pool  
  18  1:33  Drone  
  19  1:41  Drone  
  20  1:56  Overlord  
  20  2:02  Drone  
  21  2:15  Queen, Zergling x2  
  22  2:18  Hatchery  
  22  2:19  Drone  
  24  2:32  Metabolic Boost, Zergling x2  
  25  2:40  Zergling x4  
  25  2:43  Drone  
  28  2:46  Drone  
  28  2:48  Extractor  
  28  2:59  Lair  
  28  3:04  Drone x2  
  31  3:05  Drone x2  
  31  3:10  Queen  
  33  3:29  Overlord x2  
  31  3:46  Zergling x4  
  31  3:47  Zergling x12  
  39  3:48  Zergling x2  
  39  4:04  Spire  
  38  4:10  Drone x2  
  38  4:12  Zergling x4  
  38  4:13  Zergling x2  
  38  4:14  Drone  
  44  4:24  Extractor, Drone  
  44  4:26  Extractor  
  41  4:44  Drone x2  
  37  4:49  Spine Crawler  
  37  4:51  Spine Crawler  
  34  4:53  Spine Crawler  
  34  4:54  Drone x4  
  34  4:55  Drone  
  35  5:04  Drone x3  
  38  5:18  Zergling x10  
  38  5:19  Zergling x2  
  44  5:25  Drone x2  
  44  5:26  Drone  
  47  5:38  Spine Crawler  
  42  6:04  Drone x3  
  40  6:05  Drone x4  
  44  6:13  Zergling x8  
  44  6:14  Zergling x6  
  49  6:28  Spine Crawler  
  49  6:30  Drone, Spine Crawler, Queen  
  50  6:36  Zerg Flyer Armor Level 1  
  50  6:40  Overlord x3  
  43  6:55  Spine Crawler  
  43  7:00  Mutalisk x4  
  50  7:02  Mutalisk  
  52  7:12  Drone x2  
  54  7:22  Queen  
  54  7:24  Mutalisk x2  
  60  7:46  Spine Crawler  
  60  7:47  Mutalisk x3  
  60  7:48  Spine Crawler  
  60  7:50  Drone  
  65  7:59  Drone x5  
  65  8:00  Drone  
  70  8:12  Mutalisk x3  
  71  8:19  Overseer  
  73  8:42  Drone  
  73  8:44  Overlord  
  73  8:45  Overlord x3  
  74  8:49  Zerg Flyer Weapons Level 1  
  74  8:53  Spore Crawler  
  71  9:03  Spine Crawler  
  70  9:12  Overseer x2  
  70  9:14  Drone x5  
  70  9:15  Drone x8  
  70  9:16  Drone  
  84  9:25  Queen  
  84  9:27  Overlord  
  84  9:30  Drone x2  
  80  9:56  Mutalisk  
  80  9:57  Mutalisk x7  
  96  10:14  Baneling Nest  
  96  10:17  Evolution Chamber  
  94  10:30  Extractor x2, Drone x2  
  94  10:31  Drone x2, Hatchery  
  95  10:39  Mutalisk  
  95  10:40  Mutalisk x4  
  105  10:44  Overlord x2  
  105  10:48  Overseer  
  105  10:50  Extractor  
  105  10:52  Extractor, Zerg Melee Weapons Level 1  
  105  10:55  Mutalisk  
  105  11:03  Overlord x2  
  105  11:04  Mutalisk x2  
  109  11:14  Zergling x14  
  108  11:46  Mutalisk x3  
  108  11:47  Mutalisk x3  
  106  11:51  Baneling  
  106  11:52  Baneling x12  
  106  11:53  Baneling  
  114  11:58  Drone x9  
  114  11:59  Drone  
  124  12:14  Centrifical Hooks  
  123  12:25  Spore Crawler x2  
  123  12:28  Spore Crawler  
  120  12:33  Mutalisk x2  
  120  12:34  Mutalisk x5  
  134  12:41  Zerg Flyer Armor Level 2  
  134  12:43  Drone x2  
  88  13:23  Zerg Missile Weapons Level 1, Hydralisk Den  
  88  13:26  Evolution Chamber  
  80  13:35  Zergling x2  
  80  13:36  Zergling x12  
  80  13:37  Zergling x22  
  80  13:38  Zergling x20  
  89  13:42  Spine Crawler  
  88  13:55  Hydralisk  
  85  13:56  Hydralisk x7  
  85  14:00  Baneling x9  
  81  14:17  Hydralisk  
  81  14:18  Hydralisk x4  
  81  14:21  Muscular Augments  
  85  14:38  Hydralisk x4  
  85  14:39  Hydralisk  
  91  15:07  Hatchery  
  91  15:13  Hydralisk x3  
  91  15:14  Hydralisk x4  
  103  15:24  Drone x3  
  85  15:53  Hydralisk x3  
  85  15:54  Drone  
  85  15:55  Drone x5  
Show
View Real Time Build Order
Export as new Build Order

WindTS Terran 

Build Orders:  

Get SALT Encoding   

  12  0:00  SCV  
  13  0:12  SCV  
  14  0:24  SCV  
  14  0:26  Supply Depot  
  15  0:48  SCV  
  16  0:51  Barracks  
  16  1:00  SCV  
  17  1:11  Supply Depot  
  17  1:12  SCV  
  18  1:24  SCV  
  19  1:42  Marine  
  19  1:43  Command Center  
  20  1:51  Refinery  
  20  1:52  Orbital Command  
  20  2:01  Marine  
  21  2:11  Barracks  
  21  2:19  Barracks, Marine  
  22  2:27  SCV  
  23  2:30  Engineering Bay  
  23  2:43  SCV  
  24  2:47  Marine  
  25  2:59  Marine  
  25  3:05  Marine  
  27  3:12  Marine  
  28  3:17  Marine  
  29  3:23  Marine  
  29  3:25  Command Center  
  30  3:31  SCV  
  30  3:32  Orbital Command  
  31  3:36  Refinery, Terran Infantry Weapons Level 1  
  31  3:43  SCV  
  31  3:48  Marine x3  
  29  4:06  Marine x3  
  32  4:16  Bunker  
  32  4:18  Bunker  
  32  4:23  Bunker, Marine  
  32  4:24  SCV x2, Marine  
  33  4:43  Orbital Command  
  33  4:55  SCV x2, Barracks Tech Lab  
  33  4:56  Barracks Reactor  
  35  5:02  Barracks Tech Lab  
  35  5:03  Factory  
  35  5:05  Factory  
  36  5:07  SCV x2  
  36  5:09  Refinery  
  36  5:13  Refinery  
  37  5:16  Marine  
  29  5:22  Bunker  
  29  5:23  Marine  
  29  5:34  Marine  
  30  5:37  Marine x2  
  32  5:52  Marine x2  
  32  5:54  SCV x3, Marine  
  32  5:55  Marine  
  39  5:59  Command Center  
  35  6:22  Marine x3  
  38  6:28  SCV  
  38  6:29  SCV x2  
  41  6:33  Factory Tech Lab  
  41  6:36  Factory Reactor, Stimpack  
  41  6:41  SCV x3  
  42  6:53  SCV x2  
  40  6:57  Siege Tank  
  40  6:58  Engineering Bay, Marine x3  
  35  7:11  Orbital Command  
  34  7:19  Refinery  
  34  7:20  Command Center  
  34  7:21  Refinery  
  25  7:23  Marine  
  25  7:24  Marine x3  
  17  7:30  SCV  
  17  7:34  Widow Mine  
  17  7:35  Widow Mine  
  21  7:38  Widow Mine, Orbital Command  
  21  7:41  Marine  
  21  7:42  SCV  
  19  7:46  SCV  
  21  7:56  SCV  
  21  8:00  Orbital Command  
  21  8:06  Siege Tank  
  24  8:32  SCV x4  
  26  8:44  SCV x4, Missile Turret  
  26  8:48  Missile Turret  
  30  8:52  Missile Turret  
  30  8:56  SCV x2  
  30  8:58  Missile Turret  
  32  9:11  SCV  
  32  9:15  SCV  
  32  9:16  SCV  
  35  9:24  Missile Turret  
  35  9:30  Missile Turret  
  35  9:37  Orbital Command  
  35  9:41  SCV  
  35  9:42  SCV  
  37  9:46  SCV  
  37  9:48  SCV  
  39  9:53  SCV  
  39  9:54  SCV  
  39  9:58  SCV  
  42  10:00  SCV  
  42  10:05  SCV  
  42  10:06  SCV  
  45  10:07  Refinery  
  45  10:08  SCV  
  45  10:10  SCV  
  45  10:12  SCV  
  48  10:17  SCV  
  48  10:19  Bunker  
  49  10:22  Bunker  
  49  10:26  SCV x3  
  49  10:27  SCV  
  49  10:28  Siege Tank  
  56  10:29  SCV  
  56  10:30  Hellion x2  
  61  10:38  SCV x3  
  61  10:39  SCV  
  65  10:45  SCV  
  65  10:47  Missile Turret  
  66  10:50  SCV  
  66  10:55  Refinery x2  
  67  10:57  SCV x2  
  67  10:58  SCV  
  67  10:59  Missile Turret  
  67  11:01  Missile Turret  
  67  11:02  Missile Turret  
  67  11:03  Refinery, Missile Turret  
  70  11:05  Refinery  
  70  11:07  SCV  
  70  11:11  Marine x4  
  73  11:14  Concussive Shells  
  62  11:30  SCV x3  
  62  11:31  SCV  
  64  11:39  Siege Tank  
  67  11:42  Widow Mine, SCV x2  
  67  11:43  Widow Mine  
  73  11:55  Bunker  
  73  11:59  Missile Turret  
  73  12:02  Missile Turret  
  72  12:11  Siege Tank  
  67  12:21  Supply Depot  
  67  12:22  Supply Depot  
  63  12:30  Armory  
  62  12:49  Supply Depot  
  62  12:50  Supply Depot  
  62  12:57  SCV  
  62  13:10  Widow Mine x2, SCV, Siege Tank  
  62  13:11  Marine x4  
  62  13:12  SCV  
  75  13:18  Terran Vehicle Weapons Level 1  
  75  13:24  SCV  
  76  13:31  SCV  
  77  13:36  SCV  
  73  13:42  Siege Tank  
  73  13:43  SCV  
  73  13:48  SCV  
  66  14:22  Widow Mine  
  66  14:23  Widow Mine  
  67  14:27  Factory  
  67  14:28  Factory  
  67  14:29  SCV x2  
  67  14:30  Factory x2  
  61  14:41  SCV x2  
  63  14:53  SCV x2  
  63  14:54  Widow Mine x3  
  71  15:15  Widow Mine x2  
  71  15:16  Widow Mine  
  71  15:18  Factory Tech Lab  
  77  15:23  Widow Mine x2  
  77  15:26  Supply Depot x2  
  79  15:37  Widow Mine  
  81  15:45  Widow Mine x2  
  81  15:47  Factory Tech Lab x2  
  81  15:48  Factory Tech Lab  
  85  15:50  Supply Depot x2  
  85  16:05  Command Center  
  85  16:09  Command Center  
Tags
 
Add a new tag
Caveats
  • Supply blocks, unpowered buildings, or Contaminate may cause inaccurate times.
  • Supply counts are checked every 10 seconds.